 Dungeon Crawl Stone Soup version 0.31-a0-152-g6aa68a64a1 (webtiles) character file.

Game seed: 4348265031944392241

3460 qw the Cleaver (level 10, -8/64 HPs)
             Began as a Gargoyle Fighter on June 10, 2023.
             Mangled by a two-headed ogre
             ... wielding a +0 giant spiked club
              (21 damage)
             ... on level 7 of the Dungeon.
             The game lasted 00:03:22 (6313 turns).

qw the Cleaver (Gargoyle Fighter)                   Turns: 6313, Time: 00:03:23

Health: -8/64      AC: 22    Str: 24    XL:     10   Next: 6%
Magic:  0/10       EV:  8    Int:  9    God:
Gold:   591        SH:  4    Dex:  9    Spells: 9/9 levels left

rFire   + . .        Y - +1 war axe (heavy)
rCold   . . .        c - +0 buckler
rNeg    + . .        g - +0 chain mail
rPois   inf          (no helmet)
rElec   +            j - +0 cloak
rCorr   .            (no gloves)
SInv    .            (no boots)
Will    +....        s - amulet of guardian spirit Stlth
                     b - ring of protection from fire
HPRegen 0.30/turn    m - +4 ring of protection
MPRegen 0.12/turn

%: guardian spirit
@: brilliant
A: sickness immunity, AC +7, negative energy resistance 1, electricity
resistance, torment resistance 1, petrification resistance, strong-willed 1,
noise suppression
a: no special abilities


You were on level 7 of the Dungeon.
You visited 2 branches of the dungeon, and saw 9 of its levels.

You collected 591 gold pieces.


Innate Abilities, Weirdness & Mutations

You are immune to sickness and miasma.
Your stone body is resilient. (AC +7)
You are immune to poison.
You resist negative energy. (rN+)
You are resistant to electric shocks. (rElec)
You are resistant to unholy torment.
You are immune to petrification.
You are strong-willed. (Will+)
You passively dampen the noise of your surroundings.


   Skills:
 - Level 8.2 Fighting
 - Level 10.0 Axes
 - Level 2.1 Throwing
 - Level 5.2 Armour
 - Level 1.9 Dodging
 + Level 4.4 Shields


You had 9 spell levels left.
You didn't know any spells.
Your spell library was empty.

Inventory:

Hand Weapons
 f - a +3 war axe
 l - a +0 morningstar
 Y - a +1 heavy war axe (weapon)
Missiles
 n - 8 boomerangs (quivered)
Armour
 c - a +0 buckler (worn)
 g - a +0 chain mail (worn)
 j - a +0 cloak (worn)
Jewellery
 b - a ring of protection from fire (left hand)
 m - a +4 ring of protection (right hand)
 s - an amulet of guardian spirit (around neck)
Scrolls
 o - 2 scrolls of identify
Potions
 a - a potion of haste
 d - 2 potions of might
 e - 2 potions of curing
 h - a potion of magic
 i - 2 potions of mutation
 q - 2 potions of lignification
 r - a potion of attraction

Dungeon Overview and Level Annotations

Branches:
Dungeon (8/15)             Temple (1/1) D:6
   Lair: D:8-11

Altars:
Cheibriados
Dithmenos
Elyvilon
Gozag
Hepliaklqana
Kikubaaqudgha
Makhleb
Nemelex Xobeh
Qazlal
Ru
Sif Muna
Uskayaw
Vehumet
Wu Jian
Xom
Yredelemnul
Zin
The Shining One

Shops:
D:2 *   D:4 *


Message History

The two-headed ogre hits you with a +0 giant spiked club!
You slice the two-headed ogre!!
The two-headed ogre is heavily wounded.
You barely miss the orc. The orc barely misses you.
The two-headed ogre closely misses you. The two-headed ogre barely misses you.
You block the orc's attack.
You hit the two-headed ogre but do no damage.
The two-headed ogre is heavily wounded.
You slash the orc!
You kill the orc!
The two-headed ogre barely misses you.
The two-headed ogre hits you with a +0 giant spiked club!
6308 ||| STAIRDANCE You climb upwards.
There is a stone staircase leading down here.
Enter note:
Enter note:
Enter note:
Enter note:
Enter note:
Enter note: You hit the two-headed ogre.
The two-headed ogre is severely wounded.
The two-headed ogre hits you with a +0 giant spiked club.
You block the two-headed ogre's attack.
The two-headed ogre hits you with a +0 giant spiked club!
You block the two-headed ogre's attack.
You hit the two-headed ogre.
The two-headed ogre is severely wounded.
The two-headed ogre barely misses you.
The two-headed ogre hits you with a +0 giant spiked club!
You barely miss the two-headed ogre.
The two-headed ogre is severely wounded.
The two-headed ogre hits you with a +0 giant spiked club!
The two-headed ogre barely misses you.
You slice the two-headed ogre!!
The two-headed ogre is almost dead.
The two-headed ogre closely misses you.
The two-headed ogre hits you with a +0 giant spiked club!!
You die...

...###..###.## #.#.......# ##...#
.)####..###..###.'...(...###..###
######....##..####.......##..##
.....##..........#.....>.##.##
#####.##..###.#..........##.#
#..<.#....#..#.......#..#
##########.##.#..###.......##
.....................#######
###########.##..@##### #
#.....#O## # #.#.#.#.# #
#...#)#.# # ###########.#.# #
#.........#.#.# ###.#######.#.#.#
.......# #...#.# ###.##.# #####.#


You could see a two-headed ogre.

Vanquished Creatures
  A two-headed ogre (D:6)
  A gargoyle (D:7)
  A steam dragon (D:6)
  2 water moccasins
  3 sky beasts
  3 black bears
  An ogre (D:5)
  3 phantoms
  A bullfrog (D:7)
  Blork the orc (D:4)
  5 scorpions
  5 wights (D:6)
  A howler monkey (D:5)
  2 jellies
  2 hounds
  A sleepcap (D:6)
  An iguana (D:6)
  Ijyb (D:3)
  6 orc wizards
  Natasha (twice) (D:2)
  6 gnolls
  7 adders
  A shadow imp (D:7)
  2 white imps
  An ufetubus (D:6)
  3 worms
  2 dart slugs
  26 orcs
  6 endoplasms
  4 giant cockroaches
  9 goblins
  6 hobgoblins
  3 jackals (D:5)
  6 quokkas
  17 ball pythons
  6 bats
  6 frilled lizards
  7 kobolds
  8 rats
169 creatures vanquished.

Notes
Turn   | Place    | Note
-------+----------+-------------------------------------------
     0 | D:1      | qw the Gargoyle Fighter began the quest for the Orb.
     0 | D:1      | Reached XP level 1. HP: 14/14 MP: 1/1
     0 | D:1      | 0 ||| qw: Version: 0.2-a-123-gb51047a
     0 | D:1      | 0 ||| qw: Game counter: 3757
     0 | D:1      | 0 ||| qw: Always use a shield: true
     0 | D:1      | 0 ||| qw: God list: Okawaru
     0 | D:1      | 0 ||| qw: Allow faded altars: false
     0 | D:1      | 0 ||| qw: Do Orc after D:15 true
     0 | D:1      | 0 ||| qw: Do second Lair branch before Depths: true
     0 | D:1      | 0 ||| qw: Lair rune preference: random
     0 | D:1      | 0 ||| qw: Plans: Normal, Zot:1-4, Slime:5, God:TSO, Crypt,
                  | Tomb, Abyss, Pan, Hells, Win
     0 | D:1      | 0 ||| PLANNING D:1-11
   101 | D:1      | Reached skill level 2 in Axes
   135 | D:1      | 135 ||| Stepping ~*~*~tactically~*~*~ (hiding).
   140 | D:1      | 140 ||| Stepping ~*~*~tactically~*~*~ (hiding).
   332 | D:1      | Reached XP level 2. HP: 19/19 MP: 2/2
   345 | D:1      | 345 ||| Stepping ~*~*~tactically~*~*~ (hiding).
   461 | D:1      | 461 ||| DROPPING +0 club.
   651 | D:1      | Reached skill level 3 in Axes
   742 | D:1      | 742 ||| Stepping ~*~*~tactically~*~*~ (stealth).
   844 | D:1      | Reached XP level 3. HP: 23/23 MP: 3/3
   930 | D:1      | 930 ||| UPGRADING to +0 chain mail.
   940 | D:1      | 940 ||| DROPPING +0 scale mail.
   941 | D:1      | 941 ||| UPGRADING to +0 cloak.
   956 | D:1      | 956 ||| READING scroll labelled HUMESO ESTE.
   957 | D:1      | 957 ||| READING 2 scrolls labelled MEMEVO REDWAIF.
   958 | D:1      | 958 ||| DRINKING 2 blue potions.
   959 | D:1      | 959 ||| DROPPING scroll of noise.
  1007 | D:2      | Found a faded altar of an unknown god.
  1068 | D:2      | 1068 ||| Stepping ~*~*~tactically~*~*~ (stealth).
  1132 | D:2      | Noticed Natasha
  1133 | D:2      | 1133 ||| Stepping ~*~*~tactically~*~*~ (hiding).
  1135 | D:2      | 1135 ||| Stepping ~*~*~tactically~*~*~ (hiding).
  1136 | D:2      | 1136 ||| Stepping ~*~*~tactically~*~*~ (hiding).
  1137 | D:2      | 1137 ||| Stepping ~*~*~tactically~*~*~ (hiding).
  1150 | D:2      | Killed Natasha
  1153 | D:2      | 1153 ||| Stepping ~*~*~tactically~*~*~ (stealth).
  1230 | D:2      | Reached XP level 4. HP: 28/28 MP: 4/4
  1239 | D:2      | 1239 ||| Stepping ~*~*~tactically~*~*~ (stealth).
  1251 | D:2      | Reached skill level 4 in Axes
  1252 | D:2      | 1252 ||| Stepping ~*~*~tactically~*~*~ (stealth).
  1362 | D:2      | Found Osathroi's General Store.
  1377 | D:2      | 1377 ||| SHOPLISTING +2 chain mail of fire resistance (236
                  | gold, have 116).
  1382 | D:2      | Noticed Natasha
  1383 | D:2      | 1383 ||| Stepping ~*~*~tactically~*~*~ (stealth).
  1389 | D:2      | Killed Natasha
  1419 | D:2      | 1419 ||| DROPPING +0 whip.
  1649 | D:2      | Reached XP level 5. HP: 32/32 MP: 5/5
  1715 | D:2      | 1715 ||| UPGRADING to ring of protection from fire.
  1716 | D:2      | 1716 ||| UPGRADING to +4 ring of protection.
  1717 | D:2      | 1717 ||| READING scroll labelled HYTOLI SUARO.
  1720 | D:2      | 1720 ||| DRINKING 2 lumpy ruby potions.
  1748 | D:3      | HP: 7/32 [gnoll/+0 spear (6)]
  1749 | D:3      | 1749 ||| DRINKING potion of heal wounds.
  1762 | D:3      | 1762 ||| DROPPING +0 mace.
  1857 | D:3      | Reached skill level 5 in Axes
  2060 | D:3      | Identified the +1 robe of the Ego {rF+ Regen+ Int+7}
  2079 | D:3      | Noticed Ijyb
  2080 | D:3      | 2080 ||| Stepping ~*~*~tactically~*~*~ (hiding).
  2081 | D:3      | 2081 ||| Stepping ~*~*~tactically~*~*~ (hiding).
  2082 | D:3      | 2082 ||| Stepping ~*~*~tactically~*~*~ (hiding).
  2095 | D:3      | HP: 7/32 [Ijyb/+0 spectral club (7)]
  2097 | D:3      | Killed Ijyb
  2351 | D:3      | 2351 ||| READING scroll labelled PEIFAITSYA.
  2352 | D:3      | 2352 ||| READING scroll labelled PYKUNA YRYFRIU.
  2353 | D:3      | 2353 ||| READING 2 scrolls labelled COOSSUS VIEDOR.
  2474 | D:4      | Noticed Blork the orc
  2483 | D:4      | Killed Blork the orc
  2484 | D:4      | Reached XP level 6. HP: 32/39 MP: 6/6
  2727 | D:4      | Noticed a sky beast
  2765 | D:4      | Killed a sky beast
  2766 | D:4      | Reached skill level 6 in Axes
  2766 | D:4      | Reached XP level 7. HP: 20/44 MP: 7/7
  2885 | D:4      | Reached skill level 1 in Dodging
  3270 | D:4      | Found Poqen's Serpentskin Sales.
  3292 | D:4      | 3292 ||| READING scroll labelled AWAMALAGIDD.
  3293 | D:4      | 3293 ||| READING scroll labelled GAWYFIE YFUE.
  3294 | D:4      | 3294 ||| READING scroll labelled XIESMI OTO FEH.
  3295 | D:4      | 3295 ||| READING scroll labelled PIPROO OTAEXOD.
  3296 | D:4      | 3296 ||| READING scroll labelled UMOBITENEDGH.
  3297 | D:4      | 3297 ||| DRINKING 2 brown potions.
  3297 | D:4      | Gained mutation: You are strong-willed. (Will+) [potion of
                  | mutation]
  3297 | D:4      | Gained mutation: You passively dampen the noise of your
                  | surroundings. [potion of mutation]
  3298 | D:4      | 3298 ||| READING 3 scrolls of identify.
  3298 | D:4      | 3298 ||| IDENTIFYING purple potion
  3299 | D:4      | 3299 ||| READING 2 scrolls of identify.
  3299 | D:4      | 3299 ||| IDENTIFYING viscous red potion
  3324 | D:5      | Entered Level 5 of the Dungeon
  3367 | D:5      | 3367 ||| Stepping ~*~*~tactically~*~*~ (stealth).
  3377 | D:5      | Reached skill level 7 in Axes
  3391 | D:5      | 3391 ||| Stepping ~*~*~tactically~*~*~ (stealth).
  3396 | D:5      | Reached XP level 8. HP: 24/48 MP: 8/8
  3404 | D:5      | Reached skill level 1 in Throwing
  3597 | D:5      | Found a shimmering altar of Xom.
  3743 | D:5      | 3743 ||| Stepping ~*~*~tactically~*~*~ (stealth).
  3889 | D:5      | Found a sparkling altar of Nemelex Xobeh.
  3902 | D:5      | 3902 ||| UPGRADING to amulet of guardian spirit.
  3907 | D:5      | 3907 ||| READING scroll labelled UWKODU GIROO.
  3908 | D:5      | 3908 ||| DRINKING 2 sedimented grey potions.
  3956 | D:5      | 3956 ||| READING 3 scrolls of identify.
  3956 | D:5      | 3956 ||| IDENTIFYING metallic orange potion
  3957 | D:5      | 3957 ||| READING 2 scrolls of identify.
  3957 | D:5      | 3957 ||| IDENTIFYING golden potion
  3958 | D:5      | 3958 ||| DROPPING potion of ambrosia.
  3985 | D:6      | Found a staircase to the Ecumenical Temple.
  3986 | D:6      | 3986 ||| PLANNING TEMPLE
  3994 | Temple   | Entered the Ecumenical Temple
  4029 | Temple   | 4029 ||| PLANNING D:1-11
  4078 | D:6      | 4078 ||| Stepping ~*~*~tactically~*~*~ (stealth).
  4082 | D:6      | 4082 ||| Stepping ~*~*~tactically~*~*~ (stealth).
  4086 | D:6      | 4086 ||| Stepping ~*~*~tactically~*~*~ (hiding).
  4094 | D:6      | 4094 ||| Stepping ~*~*~tactically~*~*~ (stealth).
  4119 | D:6      | Reached skill level 8 in Axes
  4123 | D:6      | Reached skill level 6 in Fighting
  4157 | D:6      | 4157 ||| Stepping ~*~*~tactically~*~*~ (stealth).
  4201 | D:6      | Noticed a two-headed ogre
  4211 | D:6      | HP: 12/51 [two-headed ogre/+0 giant club (4)]
  4212 | D:6      | 4212 ||| DRINKING 2 potions of heal wounds.
  4215 | D:6      | 4215 ||| DRINKING potion of heal wounds.
  4216 | D:6      | HP: 6/51 [two-headed ogre/+0 giant club (7)]
  4217 | D:6      | Killed a two-headed ogre
  4218 | D:6      | Reached skill level 9 in Axes
  4218 | D:6      | Reached XP level 9. HP: 7/55 MP: 0/9
  4392 | D:6      | Found a hazy altar of Hepliaklqana.
  4398 | D:6      | Found a shimmering blue altar of Sif Muna.
  4414 | D:6      | 4414 ||| Stepping ~*~*~tactically~*~*~ (stealth).
  4432 | D:6      | 4432 ||| DROPPING +0 flail.
  4436 | D:6      | 4436 ||| Stepping ~*~*~tactically~*~*~ (hiding).
  4437 | D:6      | 4437 ||| Stepping ~*~*~tactically~*~*~ (hiding).
  4438 | D:6      | 4438 ||| Stepping ~*~*~tactically~*~*~ (hiding).
  4599 | D:6      | Found a radiant altar of Vehumet.
  4864 | D:6      | Reached skill level 10 in Axes
  5041 | D:6      | 5041 ||| Stepping ~*~*~tactically~*~*~ (hiding).
  5154 | D:6      | 5154 ||| Stepping ~*~*~tactically~*~*~ (stealth).
  5155 | D:6      | 5155 ||| Stepping ~*~*~tactically~*~*~ (stealth).
  5289 | D:6      | 5289 ||| READING 2 scrolls of identify.
  5289 | D:6      | 5289 ||| IDENTIFYING smoky cyan potion
  5290 | D:6      | 5290 ||| DROPPING potion of degeneration.
  5335 | D:7      | 5335 ||| Stepping ~*~*~tactically~*~*~ (hiding).
  5662 | D:7      | Noticed a gargoyle
  5666 | D:7      | Killed a gargoyle
  5667 | D:7      | Reached XP level 10. HP: 49/64 MP: 7/10
  6173 | D:7      | 6173 ||| READING scroll labelled OWUNNUX BUCVI.
  6274 | D:7      | 6274 ||| DRINKING 3 puce potions.
  6275 | D:7      | 6275 ||| DROPPING 2 potions of brilliance.
  6300 | D:8      | Noticed a two-headed ogre
  6308 | D:8      | 6308 ||| STAIRDANCE
  6312 | D:7      | HP: 12/64 [two-headed ogre/+0 giant spiked club (11)]
  6313 | D:7      | Mangled by a two-headed ogre

Levels and vault maps discovered:
D:1:      wander_arrival_fairy_ring, layout_loops_ring, st_stairs_13,
          fountainhead, hangedman_feature_mirror
D:2:      layout_rooms, serial_shops, shop,
          ebering_ecumenical_altar_sacrificial, minmay_shallow_snake_nest,
          uniq_natasha
D:3:      layout_rooms, uniq_ijyb
D:4:      cheibrodos_barr_body, layout_loops_cross, guppyfry_shop_venom,
          uniq_blork_the_orc
D:5:      layout_rooms, overflow_temple_1_default, lemuel_tele_altar,
          hangedman_decor_opposing
D:6:      layout_loops_ring, mainiacjoe_overflow_concentric_impassable,
          jmf_multi_god_temple, minmay_temple_entry_large_hall,
          hangedman_minor_gate_pass
D:7:      layout_basic, hangedman_glass_teeth
D:8:      layout_loops_ring, hangedman_decor_lopped, serial_bayou_lake_a
Temple:   nicolae_temple_god_jail

Skill      XL: |  1  2  3  4  5  6  7  8  9 10 |
---------------+-------------------------------+-----
Axes           | 2 3 4 5 6 7 9 10 | 10.0
Fighting       | 4 6 7 8 |  8.2
Dodging        | 1 |  1.9
Throwing       | 2 |  2.1
Armour         | 4 5 |  5.2
Shields        | 4 |  4.4

Action                     |  1- 3 |  4- 6 |  7- 9 | 10-12 || total
---------------------------+-------+-------+-------+-------++-------
  Melee: War axe           |    97 |   209 |   199 |    13 ||   518
  Throw: Boomerang         |       |    15 |    55 |     4 ||    74
         Javelin           |       |       |    14 |       ||    14
    Use: Scroll            |     2 |     4 |    11 |     1 ||    18
         Potion            |     1 |     2 |     4 |     1 ||     8
 Armour: Scale mail        |    27 |       |       |       ||    27
         Chain mail        |    26 |   143 |   143 |     1 ||   313
  Dodge: Dodged            |    32 |    67 |    89 |    10 ||   198
  Block: Buckler           |    14 |    37 |    40 |     3 ||    94

Table legend:
 A = Non-vault XP
 B = Vault XP
 C = Vault XP percentage of total XP
 D = Non-vault monster count
 E = Vault monster count
 F = Vault count percentage of total count
                 A         B        C        D         E       F
            +---------+---------+-------+---------+---------+-------
      Total |    3121 |    1823 |  36.9 |     129 |      40 |  23.7
            +---------+---------+-------+---------+---------+-------
        D:1 |      29 |       6 |  17.1 |      19 |       4 |  17.4
        D:2 |      76 |      55 |  42.0 |      19 |       9 |  32.1
        D:3 |      80 |      36 |  31.0 |      20 |       1 |   4.8
        D:4 |     170 |     544 |  76.2 |      11 |      18 |  62.1
        D:5 |     849 |       0 |   0.0 |      18 |       0 |   0.0
        D:6 |    1095 |    1182 |  51.9 |      30 |       8 |  21.1
        D:7 |     807 |       0 |   0.0 |       7 |       0 |   0.0
        D:8 |      15 |       0 |   0.0 |       5 |       0 |   0.0
            +---------+---------+-------+---------+---------+-------
